[ AOE2 MATCH · #475249490 ]
UnrankedPersians vs Shu
[ REPLAY ANALYSIS · EXTRACTED FROM THE RECORDED GAME ]
Feudal
9:23
Castle
21:39
Imperial
—
| APM avg | 50.4 |
| APM peak | 172 |
| eAPM avg | 21.2 |
| Villagers / military | 101 / 43 |
Focus
⚔️ 31.6% · 🌾 68.4%
Knight ×28 · Scout Cavalry ×10 · Spearman ×5
Feudal
9:17
Castle
24:17
Imperial
—
| APM avg | 43.2 |
| APM peak | 98 |
| eAPM avg | 18.2 |
| Villagers / military | 76 / 77 |
Focus
⚔️ 40.2% · 🌾 59.8%
Archer ×72 · Mangonel ×4 · Spearman ×1
Feudal
8:08
Castle
25:33
Imperial
—
| APM avg | 29.4 |
| APM peak | 71 |
| eAPM avg | 12.5 |
| Villagers / military | 61 / 44 |
Focus
⚔️ 20.8% · 🌾 79.2%
Steppe Lancer ×30 · Scout Cavalry ×12 · Spearman ×2
Feudal
9:29
Castle
24:38
Imperial
—
| APM avg | 56.7 |
| APM peak | 100 |
| eAPM avg | 21.7 |
| Villagers / military | 80 / 65 |
Focus
⚔️ 31.9% · 🌾 68.1%
Archer ×60 · Spearman ×3 · Mangonel ×2
Feudal
10:57
Castle
16:03
Imperial
—
| APM avg | 45.2 |
| APM peak | 88 |
| eAPM avg | 21.8 |
| Villagers / military | 63 / 19 |
Focus
⚔️ 42.4% · 🌾 57.6%
Conquistador ×17 · Mangonel ×2
Feudal
10:32
Castle
25:02
Imperial
—
| APM avg | 26.9 |
| APM peak | 75 |
| eAPM avg | 12.6 |
| Villagers / military | 53 / 56 |
Focus
⚔️ 34.7% · 🌾 65.3%
Archer ×53 · Skirmisher ×2 · Spearman ×1
Match map
Initial resources + every placement click. Lines = walls · curves = elevation contours. ◆ gold · ⬟ stone · ● berries · ✦ relic · ◌ wall gap
Your base· Open — unwalled flank
BASHED YA/drain.gang's base· ✓ Closed at 24:17 · 49t walls · 3 gate(s)
G2_pizza's base· Open — 4t gap
Torivio BTJ's base· ✓ Closed at 24:38 · 54t walls · 1 gate(s)
Phenytoin's base· Open — 4t gap
BTJ Juancito's base· ✓ Closed at 25:02 · 49t walls · 4 gate(s)
Smoothed initial terrain · ◌ = detected wall gap · hover for details
Inputs per minute
— BTJ | Nery - - BASHED YA/drain.gang
Build order — BTJ | Nery
First 150 of 238 actions detected
| 0:00 | Create | Villager (Male) |
| 0:01 | Create | Villager (Male) |
| 0:02 | Build | House |
| 0:03 | Build | House |
| 0:10 | Create | Villager (Male) |
| 0:10 | Create | Villager (Male) |
| 0:20 | Create | Villager (Male) |
| 1:23 | Create | Villager (Male) |
| 1:23 | Create | Villager (Male) |
| 1:51 | Build | Lumber Camp |
| 2:01 | Create | Villager (Male) |
| 2:16 | Create | Villager (Male) |
| 2:16 | Create | Villager (Male) |
| 2:49 | Create | Villager (Male) |
| 2:49 | Create | Villager (Male) |
| 2:56 | Build | House |
| 3:12 | Create | Villager (Male) |
| 3:13 | Create | Villager (Male) |
| 3:31 | Build | Mill |
| 3:42 | Create | Villager (Male) |
| 4:20 | Create | Villager (Male) |
| 4:56 | Create | Villager (Male) |
| 4:56 | Create | Villager (Male) |
| 4:56 | Create | Villager (Male) |
| 4:57 | Create | Villager (Male) |
| 5:19 | Create | Villager (Male) |
| 5:20 | Create | Villager (Male) |
| 5:27 | Build | House |
| 5:51 | Build | Mill |
| 5:56 | Create | Villager (Male) |
| 5:56 | Create | Villager (Male) |
| 5:56 | Create | Villager (Male) |
| 5:57 | Create | Villager (Male) |
| 6:16 | Create | Villager (Male) |
| 6:16 | Create | Villager (Male) |
| 6:34 | Research | Loom |
| 6:43 | Create | Villager (Male) |
| 7:14 | Research | Feudal Age |
| 8:04 | Build | Barracks |
| 8:24 | Create | Villager (Male) |
| 8:25 | Create | Villager (Male) |
| 9:23 | Age | Feudal Age |
| 9:27 | Build | Stable |
| 9:39 | Research | Double-Bit Axe |
| 9:39 | Research | Double-Bit Axe |
| 9:55 | Build | House |
| 10:08 | Create | Villager (Male) |
| 10:17 | Create | Scout Cavalry |
| 10:17 | Create | Scout Cavalry |
| 10:30 | Create | Villager (Male) |
| 10:39 | Build | House |
| 10:40 | Research | Horse Collar |
| 10:53 | Create | Scout Cavalry |
| 11:01 | Build | Farm |
| 11:12 | Create | Villager (Male) |
| 11:13 | Create | Villager (Male) |
| 11:13 | Create | Villager (Male) |
| 11:15 | Build | House |
| 11:25 | Build | Farm |
| 11:32 | Create | Scout Cavalry |
| 11:32 | Create | Scout Cavalry |
| 11:33 | Create | Villager (Male) |
| 11:37 | Build | Farm |
| 11:39 | Build | Farm |
| 11:56 | Build | Farm |
| 11:59 | Build | Farm |
| 12:04 | Build | Farm |
| 12:08 | Build | Farm |
| 12:09 | Create | Villager (Male) |
| 12:30 | Create | Villager (Male) |
| 12:40 | Create | Spearman |
| 12:50 | Build | Palisade Wall |
| 12:52 | Build | Palisade Wall |
| 12:53 | Build | Palisade Wall |
| 12:57 | Build | House |
| 12:59 | Build | House |
| 13:01 | Create | Villager (Male) |
| 13:09 | Build | Palisade Wall |
| 13:18 | Build | House |
| 13:31 | Create | Villager (Male) |
| 13:55 | Create | Villager (Male) |
| 14:10 | Create | Villager (Male) |
| 14:19 | Build | Farm |
| 14:20 | Build | Farm |
| 14:20 | Build | Farm |
| 14:20 | Build | Farm |
| 14:20 | Build | Farm |
| 14:26 | Build | Mining Camp |
| 14:36 | Build | Farm |
| 14:36 | Build | Farm |
| 14:40 | Build | Farm |
| 14:41 | Build | Farm |
| 14:45 | Create | Villager (Male) |
| 14:49 | Build | Farm |
| 14:49 | Build | Farm |
| 14:55 | Create | Spearman |
| 14:56 | Create | Spearman |
| 15:07 | Create | Villager (Male) |
| 15:18 | Create | Villager (Male) |
| 15:52 | Create | Villager (Male) |
| 15:59 | Create | Scout Cavalry |
| 15:59 | Create | Scout Cavalry |
| 16:26 | Create | Villager (Male) |
| 16:31 | Build | Farm |
| 16:31 | Build | Farm |
| 16:33 | Create | Scout Cavalry |
| 16:39 | Create | Villager (Male) |
| 16:48 | Build | Market |
| 17:04 | Create | Scout Cavalry |
| 17:16 | Create | Villager (Male) |
| 17:22 | Build | Farm |
| 17:24 | Build | Farm |
| 17:25 | Build | Farm |
| 17:31 | Create | Scout Cavalry |
| 17:31 | Create | Villager (Male) |
| 17:51 | Create | Villager (Male) |
| 17:53 | Build | Farm |
| 17:58 | Create | Spearman |
| 18:28 | Create | Villager (Male) |
| 18:32 | Create | Spearman |
| 18:36 | Build | Farm |
| 18:36 | Build | Farm |
| 18:37 | Build | Farm |
| 18:46 | Create | Villager (Male) |
| 18:51 | Build | Palisade Wall |
| 18:55 | Build | Palisade Wall |
| 19:05 | Research | Castle Age |
| 19:21 | Create | Villager (Male) |
| 19:23 | Build | Farm |
| 19:46 | Build | Stable |
| 19:54 | Create | Villager (Male) |
| 20:04 | Research | Bloodlines |
| 20:08 | Build | Blacksmith |
| 20:52 | Research | Gold Mining |
| 21:02 | Research | Scale Barding Armor |
| 21:10 | Build | House |
| 21:10 | Build | House |
| 21:20 | Create | Villager (Male) |
| 21:39 | Age | Castle Age |
| 21:41 | Research | Husbandry |
| 21:42 | Create | Knight |
| 21:43 | Create | Knight |
| 21:43 | Create | Knight |
| 21:43 | Create | Knight |
| 21:58 | Create | Villager (Male) |
| 22:00 | Create | Knight |
| 22:00 | Create | Knight |
| 22:13 | Create | Villager (Male) |
| 22:27 | Create | Knight |
| 22:27 | Create | Knight |
Build order — BASHED YA/drain.gang
First 150 of 243 actions detected
| 0:02 | Create | Villager (Male) |
| 0:04 | Build | House |
| 0:06 | Build | House |
| 0:13 | Create | Villager (Male) |
| 0:22 | Create | Villager (Male) |
| 0:22 | Create | Villager (Male) |
| 0:23 | Create | Villager (Male) |
| 1:28 | Create | Villager (Male) |
| 1:29 | Create | Villager (Male) |
| 2:03 | Create | Villager (Male) |
| 2:03 | Create | Villager (Male) |
| 2:11 | Build | Lumber Camp |
| 2:21 | Create | Villager (Male) |
| 2:21 | Create | Villager (Male) |
| 2:50 | Create | Villager (Male) |
| 2:50 | Create | Villager (Male) |
| 3:01 | Build | House |
| 3:07 | Create | Villager (Male) |
| 3:07 | Create | Villager (Male) |
| 3:32 | Create | Villager (Male) |
| 3:32 | Create | Villager (Male) |
| 3:32 | Create | Villager (Male) |
| 4:15 | Create | Villager (Male) |
| 4:49 | Build | Mill |
| 4:50 | Create | Villager (Male) |
| 5:08 | Create | Villager (Male) |
| 5:34 | Create | Villager (Male) |
| 5:56 | Create | Villager (Male) |
| 5:58 | Research | Loom |
| 6:54 | Research | Feudal Age |
| 7:20 | Create | Villager (Male) |
| 7:53 | Build | House |
| 8:05 | Build | Palisade Wall |
| 8:14 | Build | Palisade Wall |
| 8:25 | Build | Barracks |
| 9:02 | Create | Villager (Male) |
| 9:17 | Age | Feudal Age |
| 9:19 | Build | Mining Camp |
| 9:26 | Build | Palisade Wall |
| 9:28 | Build | Palisade Wall |
| 9:30 | Build | Palisade Wall |
| 9:33 | Create | Spearman |
| 9:49 | Build | Palisade Wall |
| 9:51 | Create | Villager (Male) |
| 10:18 | Build | Archery Range |
| 10:24 | Create | Villager (Male) |
| 10:40 | Build | House |
| 10:45 | Create | Villager (Male) |
| 10:48 | Research | Double-Bit Axe |
| 10:53 | Build | Palisade Wall |
| 11:03 | Create | Archer |
| 11:16 | Build | House |
| 11:18 | Create | Villager (Male) |
| 11:38 | Build | Archery Range |
| 11:39 | Create | Villager (Male) |
| 11:49 | Build | Palisade Wall |
| 11:52 | Create | Villager (Male) |
| 12:01 | Build | Palisade Wall |
| 12:05 | Build | Farm |
| 12:13 | Create | Archer |
| 12:27 | Build | Palisade Gate |
| 12:32 | Build | Farm |
| 12:33 | Create | Villager (Male) |
| 12:36 | Create | Archer |
| 12:47 | Create | Villager (Male) |
| 12:59 | Build | Farm |
| 13:03 | Build | Farm |
| 13:08 | Build | Farm |
| 13:08 | Create | Villager (Male) |
| 13:11 | Build | House |
| 13:13 | Create | Archer |
| 13:14 | Create | Archer |
| 13:21 | Build | Farm |
| 13:30 | Create | Villager (Male) |
| 13:45 | Create | Archer |
| 13:48 | Build | Palisade Wall |
| 13:52 | Create | Villager (Male) |
| 13:54 | Build | Blacksmith |
| 14:08 | Build | Palisade Wall |
| 14:11 | Build | Palisade Wall |
| 14:16 | Create | Villager (Male) |
| 14:27 | Create | Villager (Male) |
| 14:28 | Create | Archer |
| 14:38 | Create | Villager (Male) |
| 14:41 | Build | Farm |
| 14:42 | Build | Farm |
| 14:42 | Build | Farm |
| 14:42 | Build | Farm |
| 14:42 | Build | Farm |
| 14:43 | Build | Farm |
| 14:43 | Build | Farm |
| 14:53 | Build | Lumber Camp |
| 14:54 | Create | Villager (Male) |
| 14:55 | Create | Archer |
| 14:56 | Create | Archer |
| 15:05 | Build | House |
| 15:14 | Create | Villager (Male) |
| 15:19 | Build | House |
| 15:19 | Build | House |
| 15:25 | Build | House |
| 15:28 | Create | Villager (Male) |
| 15:29 | Create | Archer |
| 15:29 | Create | Archer |
| 15:31 | Research | Fletching |
| 15:43 | Build | Farm |
| 15:44 | Create | Villager (Male) |
| 15:52 | Create | Villager (Male) |
| 15:57 | Build | Farm |
| 16:11 | Build | Farm |
| 16:12 | Create | Archer |
| 16:12 | Create | Archer |
| 16:18 | Create | Archer |
| 16:29 | Build | Farm |
| 16:40 | Create | Archer |
| 16:45 | Build | House |
| 16:51 | Build | Watch Tower |
| 17:01 | Create | Villager (Male) |
| 17:14 | Create | Archer |
| 17:14 | Create | Archer |
| 17:21 | Create | Archer |
| 17:35 | Create | Villager (Male) |
| 17:36 | Create | Archer |
| 17:36 | Create | Archer |
| 17:56 | Build | Palisade Gate |
| 17:58 | Build | Palisade Gate |
| 18:03 | Build | House |
| 18:09 | Create | Archer |
| 18:23 | Create | Archer |
| 18:35 | Research | Padded Archer Armor |
| 18:36 | Create | Villager (Male) |
| 18:52 | Create | Villager (Male) |
| 19:11 | Build | House |
| 19:26 | Create | Villager (Male) |
| 19:30 | Build | Palisade Wall |
| 19:31 | Build | Palisade Wall |
| 19:32 | Build | Palisade Wall |
| 19:33 | Build | Palisade Wall |
| 19:33 | Build | Palisade Wall |
| 19:34 | Build | Palisade Wall |
| 19:36 | Build | Palisade Wall |
| 19:36 | Build | Palisade Wall |
| 19:38 | Create | Archer |
| 19:38 | Create | Archer |
| 19:44 | Create | Villager (Male) |
| 20:18 | Build | Market |
| 20:20 | Build | Farm |
| 20:21 | Build | Farm |
| 20:21 | Build | Farm |
| 20:24 | Build | House |
| 20:26 | Build | House |
Build order — G2_pizza
First 150 of 171 actions detected
| 0:01 | Create | Villager (Male) |
| 0:02 | Create | Villager (Male) |
| 0:03 | Build | House |
| 0:04 | Build | House |
| 0:34 | Create | Villager (Male) |
| 0:35 | Create | Villager (Male) |
| 0:35 | Create | Villager (Male) |
| 1:31 | Create | Villager (Male) |
| 1:32 | Create | Villager (Male) |
| 1:54 | Create | Villager (Male) |
| 1:54 | Create | Villager (Male) |
| 2:27 | Create | Villager (Male) |
| 2:27 | Create | Villager (Male) |
| 2:43 | Build | Lumber Camp |
| 2:52 | Create | Villager (Male) |
| 2:53 | Create | Villager (Male) |
| 3:06 | Build | House |
| 3:11 | Create | Villager (Male) |
| 3:41 | Create | Villager (Male) |
| 3:53 | Create | Villager (Male) |
| 3:54 | Create | Villager (Male) |
| 4:26 | Create | Villager (Male) |
| 4:27 | Create | Villager (Male) |
| 4:43 | Build | Mill |
| 5:13 | Research | Loom |
| 5:58 | Research | Feudal Age |
| 6:39 | Build | Barracks |
| 8:08 | Age | Feudal Age |
| 8:11 | Create | Villager (Male) |
| 8:11 | Create | Villager (Male) |
| 8:15 | Build | Stable |
| 8:20 | Create | Spearman |
| 8:44 | Build | House |
| 8:53 | Create | Scout Cavalry |
| 9:05 | Create | Villager (Male) |
| 9:15 | Build | House |
| 9:20 | Create | Villager (Male) |
| 9:23 | Create | Scout Cavalry |
| 9:42 | Build | Mill |
| 9:44 | Create | Villager (Male) |
| 9:47 | Create | Scout Cavalry |
| 9:48 | Create | Scout Cavalry |
| 10:05 | Create | Villager (Male) |
| 10:11 | Build | Farm |
| 10:15 | Build | Farm |
| 10:31 | Build | Farm |
| 10:45 | Build | House |
| 10:46 | Build | House |
| 10:50 | Create | Villager (Male) |
| 11:03 | Create | Villager (Male) |
| 11:25 | Create | Villager (Male) |
| 11:40 | Build | Blacksmith |
| 11:44 | Create | Villager (Male) |
| 11:49 | Create | Villager (Male) |
| 11:53 | Create | Villager (Male) |
| 12:33 | Create | Villager (Male) |
| 12:35 | Build | Farm |
| 12:35 | Build | Farm |
| 12:40 | Research | Forging |
| 12:51 | Build | Farm |
| 12:54 | Build | Farm |
| 13:01 | Create | Villager (Male) |
| 13:34 | Create | Villager (Male) |
| 13:36 | Build | Farm |
| 13:38 | Build | Farm |
| 14:13 | Create | Villager (Male) |
| 14:13 | Create | Villager (Male) |
| 14:17 | Create | Scout Cavalry |
| 14:18 | Create | Scout Cavalry |
| 14:22 | Build | House |
| 14:23 | Build | House |
| 14:25 | Build | House |
| 14:26 | Build | House |
| 14:28 | Build | House |
| 14:36 | Create | Spearman |
| 14:40 | Create | Villager (Male) |
| 14:46 | Build | Mining Camp |
| 14:50 | Create | Villager (Male) |
| 15:05 | Build | Farm |
| 15:15 | Create | Scout Cavalry |
| 15:22 | Build | House |
| 15:23 | Build | House |
| 15:29 | Build | Palisade Wall |
| 15:37 | Create | Scout Cavalry |
| 15:55 | Build | Farm |
| 15:57 | Build | Farm |
| 15:59 | Research | Horse Collar |
| 16:04 | Create | Villager (Male) |
| 16:07 | Create | Scout Cavalry |
| 16:17 | Build | House |
| 16:22 | Create | Villager (Male) |
| 16:25 | Build | Farm |
| 16:26 | Create | Villager (Male) |
| 16:46 | Create | Scout Cavalry |
| 17:16 | Create | Scout Cavalry |
| 17:19 | Create | Villager (Male) |
| 17:22 | Build | Farm |
| 17:26 | Build | Farm |
| 17:27 | Build | Farm |
| 17:42 | Create | Scout Cavalry |
| 17:48 | Create | Villager (Male) |
| 17:53 | Build | Farm |
| 18:05 | Create | Villager (Male) |
| 18:24 | Research | Scale Barding Armor |
| 18:25 | Create | Villager (Male) |
| 18:39 | Create | Villager (Male) |
| 18:49 | Build | Market |
| 19:00 | Create | Villager (Male) |
| 19:04 | Create | Villager (Male) |
| 19:14 | Build | House |
| 20:00 | Research | Bloodlines |
| 20:17 | Research | Wheelbarrow |
| 20:20 | Build | Farm |
| 20:30 | Build | Farm |
| 20:45 | Create | Villager (Male) |
| 20:45 | Create | Villager (Male) |
| 20:49 | Build | Farm |
| 21:02 | Build | House |
| 21:23 | Build | Farm |
| 21:35 | Build | House |
| 22:35 | Build | Farm |
| 22:37 | Build | Farm |
| 22:53 | Research | Castle Age |
| 23:06 | Build | House |
| 23:15 | Build | Lumber Camp |
| 23:51 | Build | Farm |
| 24:01 | Build | Farm |
| 24:35 | Build | Farm |
| 25:10 | Build | Stable |
| 25:17 | Build | House |
| 25:18 | Build | House |
| 25:28 | Build | House |
| 25:30 | Build | House |
| 25:33 | Age | Castle Age |
| 25:37 | Research | Double-Bit Axe |
| 25:39 | Create | Villager (Male) |
| 25:39 | Create | Villager (Male) |
| 25:43 | Create | Steppe Lancer ×5 |
| 25:43 | Create | Steppe Lancer ×5 |
| 25:50 | Research | Gold Mining |
| 25:56 | Create | Steppe Lancer ×5 |
| 26:04 | Research | Town Watch |
| 26:06 | Create | Villager (Male) |
| 26:13 | Create | Steppe Lancer |
| 26:13 | Create | Steppe Lancer |
| 26:29 | Build | Farm |
| 26:31 | Create | Villager (Male) |
| 26:38 | Create | Steppe Lancer |
| 26:38 | Create | Steppe Lancer |
| 26:42 | Build | Farm |
Build order — Torivio BTJ
First 150 of 242 actions detected
| 0:00 | Create | Villager (Male) |
| 0:01 | Create | Villager (Male) |
| 0:01 | Create | Villager (Male) |
| 0:02 | Build | House |
| 0:04 | Build | House |
| 0:11 | Create | Villager (Male) |
| 1:39 | Create | Villager (Male) |
| 1:58 | Build | Lumber Camp |
| 2:10 | Create | Villager (Male) |
| 2:11 | Create | Villager (Male) |
| 2:11 | Create | Villager (Male) |
| 2:52 | Create | Villager (Male) |
| 2:53 | Create | Villager (Male) |
| 3:10 | Build | House |
| 3:10 | Create | Villager (Male) |
| 3:10 | Create | Villager (Male) |
| 3:36 | Create | Villager (Male) |
| 3:36 | Create | Villager (Male) |
| 3:55 | Create | Villager (Male) |
| 4:22 | Create | Villager (Male) |
| 4:22 | Create | Villager (Male) |
| 4:22 | Create | Villager (Male) |
| 4:54 | Create | Villager (Male) |
| 5:26 | Create | Villager (Male) |
| 5:26 | Create | Villager (Male) |
| 5:26 | Create | Villager (Male) |
| 5:27 | Create | Villager (Male) |
| 5:51 | Create | Villager (Male) |
| 5:58 | Build | Mining Camp |
| 6:21 | Research | Loom |
| 6:47 | Create | Villager (Male) |
| 6:54 | Build | House |
| 7:19 | Research | Feudal Age |
| 7:19 | Research | Feudal Age |
| 8:08 | Build | Barracks |
| 8:42 | Build | Mill |
| 8:52 | Create | Villager (Male) |
| 8:52 | Create | Villager (Male) |
| 9:29 | Age | Feudal Age |
| 9:43 | Build | Archery Range |
| 9:46 | Build | Archery Range |
| 9:58 | Create | Villager (Male) |
| 10:24 | Build | Blacksmith |
| 10:32 | Create | Archer |
| 10:32 | Create | Archer |
| 10:39 | Build | House |
| 10:45 | Create | Villager (Male) |
| 10:50 | Create | Villager (Male) |
| 10:52 | Create | Archer |
| 10:52 | Create | Archer |
| 11:06 | Build | House |
| 11:21 | Build | House |
| 11:23 | Research | Fletching |
| 11:23 | Create | Archer |
| 11:24 | Create | Archer |
| 11:40 | Create | Archer |
| 11:40 | Create | Archer |
| 11:40 | Create | Archer |
| 11:51 | Create | Villager (Male) |
| 11:54 | Build | House |
| 11:59 | Build | Farm |
| 12:02 | Build | Farm |
| 12:13 | Build | Palisade Wall |
| 12:22 | Create | Archer |
| 12:23 | Create | Archer |
| 12:35 | Create | Villager (Male) |
| 12:38 | Build | Farm |
| 12:44 | Build | Farm |
| 13:05 | Create | Villager (Male) |
| 13:07 | Build | Farm |
| 13:13 | Create | Archer |
| 13:25 | Build | House |
| 13:28 | Build | Palisade Wall |
| 13:29 | Create | Villager (Male) |
| 13:44 | Build | Farm |
| 13:53 | Create | Villager (Male) |
| 14:07 | Build | Farm |
| 14:08 | Create | Villager (Male) |
| 14:28 | Create | Villager (Male) |
| 14:37 | Create | Villager (Male) |
| 15:00 | Create | Villager (Male) |
| 15:05 | Build | House |
| 15:07 | Create | Villager (Male) |
| 15:11 | Build | House |
| 15:13 | Build | House |
| 15:14 | Build | House |
| 15:18 | Create | Archer |
| 15:19 | Create | Archer |
| 15:29 | Research | Padded Archer Armor |
| 15:29 | Create | Villager (Male) |
| 15:33 | Build | Farm |
| 15:40 | Build | House |
| 15:43 | Build | Palisade Wall |
| 15:49 | Build | Palisade Wall |
| 15:52 | Create | Villager (Male) |
| 16:01 | Create | Villager (Male) |
| 16:12 | Build | Watch Tower |
| 16:13 | Create | Villager (Male) |
| 16:16 | Create | Archer |
| 16:16 | Create | Archer |
| 16:16 | Create | Archer |
| 16:16 | Create | Archer |
| 16:16 | Create | Archer |
| 16:30 | Create | Villager (Male) |
| 16:36 | Build | Farm |
| 16:44 | Create | Villager (Male) |
| 16:47 | Create | Archer |
| 16:47 | Create | Archer |
| 17:05 | Create | Villager (Male) |
| 17:14 | Create | Archer |
| 17:26 | Build | Palisade Wall |
| 17:33 | Create | Villager (Male) |
| 17:41 | Create | Villager (Male) |
| 17:45 | Create | Villager (Male) |
| 17:53 | Build | Farm |
| 18:07 | Create | Villager (Male) |
| 18:18 | Create | Archer |
| 18:19 | Create | Archer |
| 18:34 | Build | Farm |
| 18:35 | Research | Horse Collar |
| 19:00 | Create | Villager (Male) |
| 19:09 | Build | Farm |
| 19:15 | Build | House |
| 19:17 | Build | Palisade Wall |
| 19:21 | Create | Archer |
| 19:21 | Create | Archer |
| 19:24 | Create | Spearman |
| 19:24 | Create | Spearman |
| 19:32 | Build | Palisade Gate |
| 19:44 | Create | Spearman |
| 19:49 | Build | Lumber Camp |
| 20:02 | Build | Farm |
| 20:07 | Build | House |
| 20:33 | Build | Palisade Wall |
| 20:38 | Create | Villager (Male) |
| 20:47 | Build | Lumber Camp |
| 20:52 | Build | House |
| 20:55 | Build | Market |
| 21:02 | Create | Villager (Male) |
| 21:05 | Create | Archer |
| 21:05 | Create | Archer |
| 21:13 | Build | Farm |
| 21:30 | Create | Villager (Male) |
| 21:34 | Build | Farm |
| 21:38 | Build | Farm |
| 21:40 | Build | Farm |
| 21:58 | Research | Castle Age |
| 21:58 | Research | Castle Age |
| 22:07 | Build | House |
| 22:25 | Research | Double-Bit Axe |
Build order — Phenytoin
134 actions detected in the replay
| 0:01 | Create | Villager (Male) ×4 |
| 0:04 | Build | House |
| 0:05 | Build | House |
| 1:27 | Create | Villager (Male) |
| 1:45 | Create | Villager (Male) |
| 1:46 | Create | Villager (Male) |
| 1:46 | Create | Villager (Male) |
| 1:47 | Build | Lumber Camp |
| 2:21 | Create | Villager (Male) |
| 2:21 | Create | Villager (Male) |
| 2:21 | Create | Villager (Male) |
| 2:39 | Create | Villager (Male) |
| 2:39 | Create | Villager (Male) |
| 2:39 | Create | Villager (Male) |
| 3:00 | Build | House |
| 3:19 | Create | Villager (Male) |
| 3:39 | Create | Villager (Male) |
| 3:40 | Create | Villager (Male) |
| 3:40 | Create | Villager (Male) |
| 4:00 | Create | Villager (Male) |
| 4:00 | Create | Villager (Male) |
| 5:02 | Create | Villager (Male) |
| 5:02 | Create | Villager (Male) |
| 5:02 | Create | Villager (Male) |
| 5:26 | Research | Loom |
| 5:27 | Create | Villager (Male) |
| 5:27 | Create | Villager (Male) |
| 5:27 | Create | Villager (Male) |
| 5:27 | Create | Villager (Male) |
| 5:34 | Build | Mill |
| 5:46 | Build | Palisade Wall |
| 5:53 | Create | Villager (Male) |
| 5:53 | Create | Villager (Male) |
| 6:11 | Build | House |
| 7:00 | Build | Palisade Wall |
| 7:09 | Create | Villager (Male) |
| 8:04 | Build | Mining Camp |
| 8:20 | Create | Villager (Male) |
| 8:31 | Research | Feudal Age |
| 8:31 | Research | Feudal Age |
| 8:34 | Build | Mill |
| 8:46 | Build | Palisade Wall |
| 8:57 | Build | Palisade Wall |
| 9:49 | Build | Palisade Wall |
| 9:51 | Build | Palisade Wall |
| 10:13 | Build | Palisade Wall |
| 10:14 | Build | Palisade Wall |
| 10:14 | Build | Palisade Wall |
| 10:15 | Build | Palisade Wall |
| 10:57 | Age | Feudal Age |
| 11:03 | Create | Villager (Male) |
| 11:26 | Build | Market |
| 12:31 | Build | Blacksmith |
| 13:23 | Research | Castle Age |
| 13:23 | Research | Castle Age |
| 13:45 | Build | Mining Camp |
| 13:50 | Build | Palisade Wall |
| 14:37 | Build | House |
| 15:22 | Build | Watch Tower |
| 15:39 | Build | House |
| 15:45 | Build | Palisade Wall |
| 16:03 | Age | Castle Age |
| 16:07 | Build | Castle |
| 16:13 | Create | Villager (Male) |
| 16:13 | Create | Villager (Male) |
| 16:23 | Build | Palisade Wall |
| 16:25 | Build | Palisade Wall |
| 17:21 | Create | Conquistador |
| 17:22 | Create | Conquistador |
| 17:22 | Create | Conquistador |
| 17:48 | Create | Conquistador |
| 17:51 | Build | Farm |
| 17:52 | Build | Farm |
| 18:10 | Build | Farm |
| 18:52 | Research | Fletching |
| 18:52 | Research | Fletching |
| 19:49 | Create | Conquistador |
| 20:03 | Create | Conquistador |
| 20:04 | Create | Villager (Male) |
| 20:27 | Build | Farm |
| 20:30 | Build | Farm |
| 20:32 | Build | House |
| 20:47 | Create | Villager (Male) |
| 21:34 | Create | Conquistador |
| 22:04 | Create | Conquistador |
| 22:04 | Create | Conquistador |
| 22:32 | Create | Conquistador |
| 22:51 | Build | Farm |
| 22:53 | Build | Farm |
| 22:53 | Build | Farm |
| 23:01 | Build | Farm |
| 23:09 | Build | House |
| 23:18 | Create | Villager (Male) |
| 23:36 | Create | Villager (Male) |
| 23:55 | Create | Conquistador |
| 24:12 | Create | Villager (Male) |
| 24:24 | Create | Villager (Male) |
| 24:41 | Create | Villager (Male) |
| 24:42 | Build | Town Center |
| 25:18 | Create | Conquistador |
| 25:19 | Create | Villager (Male) |
| 25:24 | Research | Double-Bit Axe |
| 25:39 | Create | Conquistador |
| 25:40 | Create | Conquistador |
| 25:49 | Create | Villager (Male) |
| 25:55 | Create | Conquistador |
| 25:56 | Create | Villager (Male) |
| 25:56 | Create | Villager (Male) |
| 26:30 | Create | Villager (Male) ×2 |
| 27:09 | Create | Villager (Male) |
| 27:09 | Create | Villager (Male) |
| 27:16 | Build | Farm |
| 27:16 | Build | Farm |
| 27:19 | Build | Farm |
| 27:22 | Build | Farm |
| 27:22 | Build | Farm |
| 27:30 | Research | Horse Collar |
| 27:30 | Research | Horse Collar |
| 27:33 | Create | Conquistador |
| 27:34 | Create | Conquistador |
| 27:34 | Create | Villager (Male) |
| 27:35 | Create | Villager (Male) |
| 28:13 | Build | Siege Workshop |
| 28:31 | Create | Villager (Male) |
| 28:31 | Create | Villager (Male) |
| 28:40 | Create | Mangonel |
| 28:54 | Create | Villager (Male) |
| 28:54 | Create | Villager (Male) |
| 29:24 | Create | Mangonel |
| 30:06 | Create | Villager (Male) ×5 |
| 30:09 | Build | Town Center |
| 30:30 | Research | Padded Archer Armor |
| 30:30 | Research | Padded Archer Armor |
| 30:58 | Create | Villager (Male) ×3 |
Build order — BTJ Juancito
First 150 of 179 actions detected
| 0:00 | Create | Villager (Male) |
| 0:01 | Create | Villager (Male) |
| 0:01 | Create | Villager (Male) |
| 0:02 | Build | House |
| 0:04 | Build | House |
| 0:11 | Create | Villager (Male) |
| 0:11 | Create | Villager (Male) |
| 1:32 | Create | Villager (Male) |
| 1:32 | Create | Villager (Male) |
| 2:06 | Build | Lumber Camp |
| 2:09 | Create | Villager (Male) |
| 2:09 | Create | Villager (Male) |
| 2:36 | Create | Villager (Male) |
| 2:37 | Create | Villager (Male) |
| 2:47 | Create | Villager (Male) |
| 2:48 | Create | Villager (Male) |
| 3:07 | Build | House |
| 3:09 | Build | House |
| 3:34 | Create | Villager (Male) |
| 3:34 | Create | Villager (Male) |
| 3:34 | Create | Villager (Male) |
| 3:59 | Create | Villager (Male) |
| 3:59 | Create | Villager (Male) |
| 4:18 | Create | Villager (Male) |
| 4:57 | Build | Mill |
| 4:58 | Create | Villager (Male) |
| 4:59 | Create | Villager (Male) |
| 5:00 | Create | Villager (Male) |
| 5:00 | Create | Villager (Male) |
| 5:00 | Create | Villager (Male) |
| 6:09 | Create | Villager (Male) |
| 6:49 | Create | Villager (Male) |
| 6:59 | Build | Barracks |
| 7:16 | Create | Villager (Male) |
| 7:19 | Research | Loom |
| 7:28 | Build | Mining Camp |
| 7:58 | Build | House |
| 8:03 | Build | Palisade Wall |
| 8:22 | Research | Feudal Age |
| 9:23 | Create | Villager (Male) |
| 9:38 | Build | Palisade Wall |
| 10:23 | Create | Villager (Male) |
| 10:32 | Age | Feudal Age |
| 10:35 | Build | Archery Range |
| 10:37 | Build | Archery Range |
| 10:44 | Build | Blacksmith |
| 10:47 | Create | Villager (Male) |
| 10:59 | Build | Farm |
| 11:25 | Create | Villager (Male) |
| 11:29 | Create | Archer |
| 11:29 | Create | Archer |
| 11:31 | Create | Archer |
| 11:35 | Research | Double-Bit Axe |
| 11:45 | Build | Farm |
| 12:05 | Create | Archer |
| 12:08 | Create | Villager (Male) |
| 12:23 | Build | Farm |
| 12:28 | Build | House |
| 12:35 | Create | Archer |
| 12:36 | Create | Archer |
| 12:38 | Create | Villager (Male) |
| 12:56 | Build | House |
| 12:57 | Build | House |
| 13:01 | Create | Archer |
| 13:05 | Create | Villager (Male) |
| 13:18 | Create | Villager (Male) |
| 13:24 | Build | House |
| 13:52 | Create | Spearman |
| 13:58 | Research | Fletching |
| 14:09 | Build | Palisade Wall |
| 14:14 | Create | Archer |
| 14:15 | Create | Archer |
| 14:26 | Build | House |
| 14:31 | Create | Villager (Male) |
| 14:57 | Create | Archer |
| 14:57 | Create | Archer |
| 14:58 | Create | Villager (Male) |
| 15:01 | Build | Farm |
| 15:01 | Build | Farm |
| 15:02 | Build | Farm |
| 15:02 | Build | Farm |
| 15:04 | Create | Villager (Male) |
| 15:13 | Build | Palisade Wall |
| 15:24 | Create | Archer |
| 15:24 | Create | Archer |
| 15:25 | Create | Villager (Male) |
| 15:39 | Build | Palisade Gate |
| 15:43 | Create | Archer |
| 15:43 | Create | Archer |
| 15:44 | Create | Villager (Male) |
| 15:57 | Create | Archer |
| 15:57 | Create | Archer |
| 16:16 | Create | Archer |
| 16:30 | Create | Archer |
| 16:30 | Create | Archer |
| 16:46 | Create | Villager (Male) |
| 16:48 | Build | Farm |
| 16:49 | Build | Farm |
| 17:04 | Create | Villager (Male) |
| 17:23 | Build | Mining Camp |
| 17:28 | Build | Lumber Camp |
| 17:31 | Create | Skirmisher |
| 17:32 | Create | Skirmisher |
| 17:55 | Create | Villager (Male) |
| 17:59 | Build | House |
| 18:00 | Build | Farm |
| 18:55 | Research | Padded Archer Armor |
| 19:01 | Create | Villager (Male) |
| 19:03 | Build | Farm |
| 19:04 | Build | Farm |
| 19:04 | Build | Farm |
| 19:04 | Build | Farm |
| 19:06 | Create | Villager (Male) |
| 20:07 | Build | Farm |
| 20:07 | Build | Farm |
| 20:07 | Build | Farm |
| 20:19 | Build | Market |
| 20:24 | Create | Villager (Male) |
| 20:28 | Create | Archer |
| 20:28 | Create | Archer |
| 21:28 | Build | Watch Tower |
| 21:38 | Build | Gate |
| 22:11 | Build | Gate |
| 22:22 | Research | Castle Age |
| 22:45 | Build | Watch Tower |
| 22:49 | Build | Mining Camp |
| 22:52 | Create | Archer |
| 22:52 | Create | Archer |
| 22:52 | Create | Archer |
| 23:06 | Build | Gate |
| 23:12 | Build | House |
| 23:16 | Build | House |
| 23:34 | Build | House |
| 23:38 | Create | Archer |
| 23:38 | Create | Archer |
| 23:38 | Create | Archer |
| 23:39 | Create | Archer |
| 24:16 | Create | Archer |
| 24:16 | Create | Archer |
| 25:02 | Age | Castle Age |
| 25:12 | Research | Crossbowman (upgrade) |
| 25:19 | Research | Bodkin Arrow |
| 25:38 | Build | House |
| 26:00 | Create | Archer |
| 26:00 | Create | Archer |
| 26:10 | Build | House |
| 26:14 | Create | Archer |
| 26:14 | Create | Archer |
| 26:18 | Create | Villager (Male) |
| 26:27 | Build | University |
Match timeline
| 5:46 | Phenytoin · wall_segment Palisade Wall x8 |
| 6:39 | G2_pizza · first_building Barracks |
| 6:59 | BTJ Juancito · first_building Barracks |
| 7:00 | Phenytoin · wall_segment Palisade Wall x12 |
| 8:03 | BTJ Juancito · wall_segment Palisade Wall x8 |
| 8:04 | BTJ | Nery · first_building Barracks |
| 8:05 | BASHED YA/drain.gang · wall_segment Palisade Wall x14 |
| 8:08 | G2_pizza · age_up feudal |
| 8:08 | Torivio BTJ · first_building Barracks |
| 8:14 | BASHED YA/drain.gang · wall_segment Palisade Wall x1 |
| 8:15 | G2_pizza · first_building Stable |
| 8:25 | BASHED YA/drain.gang · first_building Barracks |
| 8:46 | Phenytoin · wall_segment Palisade Wall x10 |
| 8:57 | Phenytoin · wall_segment Palisade Wall x9 |
| 9:17 | BASHED YA/drain.gang · age_up feudal |
| 9:23 | BTJ | Nery · age_up feudal |
| 9:26 | BASHED YA/drain.gang · wall_segment Palisade Wall x1 |
| 9:27 | BTJ | Nery · first_building Stable |
| 9:28 | BASHED YA/drain.gang · wall_segment Palisade Wall x1 |
| 9:29 | Torivio BTJ · age_up feudal |
| 9:30 | BASHED YA/drain.gang · wall_segment Palisade Wall x4 |
| 9:38 | BTJ Juancito · wall_segment Palisade Wall x1 |
| 9:43 | Torivio BTJ · first_building Archery Range |
| 9:49 | BASHED YA/drain.gang · wall_segment Palisade Wall x1 |
| 9:49 | Phenytoin · wall_segment Palisade Wall x1 |
| 9:51 | Phenytoin · wall_segment Palisade Wall x1 |
| 10:13 | Phenytoin · wall_segment Palisade Wall x1 |
| 10:14 | Phenytoin · wall_segment Palisade Wall x1 |
| 10:14 | Phenytoin · wall_segment Palisade Wall x1 |
| 10:15 | Phenytoin · wall_segment Palisade Wall x1 |
| 10:18 | BASHED YA/drain.gang · first_building Archery Range |
| 10:32 | BTJ Juancito · age_up feudal |
| 10:35 | BTJ Juancito · first_building Archery Range |
| 10:53 | BASHED YA/drain.gang · wall_segment Palisade Wall x1 |
| 10:57 | Phenytoin · age_up feudal |
| 11:49 | BASHED YA/drain.gang · wall_segment Palisade Wall x9 |
| 12:01 | BASHED YA/drain.gang · wall_segment Palisade Wall x6 |
| 12:13 | Torivio BTJ · wall_segment Palisade Wall x7 |
| 12:50 | BTJ | Nery · wall_segment Palisade Wall x1 |
| 12:52 | BTJ | Nery · wall_segment Palisade Wall x1 |
| 12:53 | BTJ | Nery · wall_segment Palisade Wall x1 |
| 12:59 | Phenytoin · first_market_sell 100 stone |
| 13:09 | BTJ | Nery · wall_segment Palisade Wall x1 |
| 13:28 | Torivio BTJ · wall_segment Palisade Wall x6 |
| 13:48 | BASHED YA/drain.gang · wall_segment Palisade Wall x1 |
| 13:50 | Phenytoin · wall_segment Palisade Wall x1 |
| 14:08 | BASHED YA/drain.gang · wall_segment Palisade Wall x1 |
| 14:09 | BTJ Juancito · wall_segment Palisade Wall x20 |
| 14:11 | BASHED YA/drain.gang · wall_segment Palisade Wall x1 |
| 15:13 | BTJ Juancito · wall_segment Palisade Wall x20 |
| 15:29 | G2_pizza · wall_segment Palisade Wall x1 |
| 15:43 | Torivio BTJ · wall_segment Palisade Wall x14 |
| 15:45 | Phenytoin · wall_segment Palisade Wall x1 |
| 15:49 | Torivio BTJ · wall_segment Palisade Wall x10 |
| 16:03 | Phenytoin · age_up castle |
| 16:07 | Phenytoin · first_building Castle |
| 16:23 | Phenytoin · wall_segment Palisade Wall x1 |
| 16:25 | Phenytoin · wall_segment Palisade Wall x1 |
| 17:15 | Phenytoin · first_market_buy 100 food |
| 17:26 | Torivio BTJ · wall_segment Palisade Wall x1 |
| 18:51 | BTJ | Nery · wall_segment Palisade Wall x1 |
| 18:55 | BTJ | Nery · wall_segment Palisade Wall x1 |
| 19:17 | Torivio BTJ · wall_segment Palisade Wall x9 |
| 19:30 | BASHED YA/drain.gang · wall_segment Palisade Wall x1 |
| 19:31 | BASHED YA/drain.gang · wall_segment Palisade Wall x1 |
| 19:32 | BASHED YA/drain.gang · wall_segment Palisade Wall x1 |
| 19:33 | BASHED YA/drain.gang · wall_segment Palisade Wall x1 |
| 19:33 | BASHED YA/drain.gang · wall_segment Palisade Wall x1 |
| 19:34 | BASHED YA/drain.gang · wall_segment Palisade Wall x1 |
| 19:36 | BASHED YA/drain.gang · wall_segment Palisade Wall x1 |
| 19:36 | BASHED YA/drain.gang · wall_segment Palisade Wall x1 |
| 20:33 | Torivio BTJ · wall_segment Palisade Wall x1 |
| 21:23 | BASHED YA/drain.gang · first_market_buy 100 food |
| 21:27 | BASHED YA/drain.gang · first_market_sell 100 wood |
| 21:39 | BTJ | Nery · age_up castle |
| 21:45 | Torivio BTJ · first_market_buy 100 food |
| 21:46 | Torivio BTJ · first_market_sell 100 wood |
| 22:25 | BTJ Juancito · first_market_buy 100 stone |
| 22:51 | G2_pizza · first_market_buy 100 food |
| 23:24 | Torivio BTJ · wall_segment Palisade Wall x5 |
| 23:26 | Torivio BTJ · wall_segment Palisade Wall x1 |
| 24:13 | BTJ Juancito · first_market_sell 100 wood |
| 24:17 | BASHED YA/drain.gang · age_up castle |
| 24:30 | BASHED YA/drain.gang · first_building Siege Workshop |
| 24:38 | Torivio BTJ · age_up castle |
| 25:02 | BTJ Juancito · age_up castle |
| 25:19 | Torivio BTJ · first_building Siege Workshop |
| 25:33 | G2_pizza · age_up castle |
| 28:13 | Phenytoin · first_building Siege Workshop |
| 28:47 | Torivio BTJ · wall_segment Palisade Wall x1 |
| 28:48 | Torivio BTJ · wall_segment Palisade Wall x1 |
| 31:19 | BTJ | Nery · resign |
[ AI ANALYSIS · 1 CREDIT ]
What really happened in this match?
Wolo.gg analyzes every decision: build order, eco, micro, common mistakes by bracket. Personalized analysis on WhatsApp or Discord in 30 seconds.
Civ guide
Persians
Perfil
Jugador #4738692